 Dungeon Crawl Stone Soup version 0.31-a0-844-gdc52ec4e09 (webtiles) character file.

Game seed: 3916950763239414769

163 randomguy2701 the Magician (level 5, 0/36 HPs)
             Began as a Gnoll Wanderer on Sept 28, 2023.
             Was a Follower of Hepliaklqana.
             Slain by a hobgoblin zombie (1 damage)
             ... in an ossuary.
             The game lasted 00:04:52 (2828 turns).

randomguy2701 the Magician (Gnoll Wanderer)         Turns: 2828, Time: 00:04:53

Health: 0/36       AC:  4    Str: 10    XL:     5   Next: 44%
Magic:  14/14      EV: 12    Int: 11    God:    Hepliaklqana [*.....]
Gold:   149        SH:  0    Dex: 15    Spells: 17/18 levels left

rFire   . . .        a - +0 sling
rCold   . . .        (no shield)
rNeg    . . .        d - +0 leather armour
rPois   .            b - +0 helmet
rElec   .            (no cloak)
rCorr   .            (no gloves)
SInv    .            (no boots)
Will    .....        (no amulet)
Stlth   +++          (no ring)
HPRegen 0.26/turn    (no ring)
MPRegen 0.14/turn

%: no passive effects
@: no status effects
A: reduced essence, fangs 1, strong nose, distributed training
a: Renounce Religion, Recall Ancestor, Ancestor Identity


You were in an ossuary.
You worshipped Hepliaklqana.
Hepliaklqana was aware of your devotion.
You visited 1 branch of the dungeon, and saw 4 of its levels.
You also visited: Ossuary.

You collected 149 gold pieces.

Inventory:

Hand Weapons
 a - a +0 sling (weapon)
Armour
 b - a +0 helmet (worn)
 d - a +0 leather armour (worn)
Wands
 h - a wand of light (5)
 k - a wand of mindburst (12)
Scrolls
 c - 2 scrolls of fear
 i - a scroll of blinking {unknown}
 j - a scroll of brand weapon {unknown}
 n - 2 scrolls of identify {unknown}
 o - a scroll of enchant armour {unknown}
 p - a scroll of torment {unknown}
 q - a scroll of revelation {unknown}
Potions
 e - a potion of mutation {unknown}
 f - a potion of might {unknown}
 g - a potion of haste {unknown}
 l - a potion of brilliance {unknown}
 m - a potion of lignification {unknown}


   Skills:
 + Level 3.0 Fighting
 + Level 1.5 Short Blades
 + Level 1.5 Long Blades
 + Level 1.5 Axes
 + Level 1.5 Maces & Flails
 + Level 1.5 Polearms
 + Level 1.5 Staves
 + Level 3.0 Ranged Weapons
 + Level 1.5 Throwing
 + Level 3.0 Armour
 + Level 3.0 Dodging
 + Level 4.4 Stealth
 + Level 1.5 Shields
 + Level 1.5 Unarmed Combat
 + Level 7.3 Spellcasting
 + Level 1.2 Conjurations
 + Level 1.2 Hexes
 + Level 1.2 Summonings
 + Level 1.2 Necromancy
 + Level 1.2 Translocations
 + Level 1.2 Transmutations
 + Level 1.2 Fire Magic
 + Level 1.2 Ice Magic
 + Level 1.2 Air Magic
 + Level 1.2 Earth Magic
 + Level 1.2 Poison Magic
 + Level 1.7 Invocations
 + Level 1.5 Evocations
 + Level 1.3 Shapeshifting


You had 17 spell levels left.
You knew the following spells:

 Your Spells              Type           Power      Damage    Failure   Level
a - Necrotise             Necr           24%        1d5       14%         1

Your spell library contained the following spells:

 Spells                   Type           Power      Damage    Failure   Level
 Freeze                   Ice            24%        1d4       14%         1
 Summon Small Mammal      Summ           24%        N/A       14%         1
 Call Imp                 Summ           12%        N/A       21%         2
 Ensorcelled Hibernation  Hex/Ice        12%        N/A       21%         2
 Call Canine Familiar     Summ           6%         N/A       38%         3
 Frozen Ramparts          Ice            12%        1d2       38%         3
 Hailstorm                Conj/Ice       6%         3d4       38%         3
 Summon Guardian Golem    Hex/Summ       6%         N/A       38%         3


Dungeon Overview and Level Annotations

Branches:
Dungeon (4/15)            Ossuary (1/1)
 Temple: D:4-7

Altars:
Hepliaklqana
Sif Muna


Innate Abilities, Weirdness & Mutations

Your life essence is reduced to manifest your ancestor. (-10% HP)
You have very sharp teeth.
Your uncanny sense of smell can sniff out nearby items.
Your experience applies equally to all skills.


Message History

The orc zombie closely misses you. The gnoll zombie closely misses you.
The hobgoblin zombie closely misses you.
The orc zombie barely misses you. The orc zombie closely misses you.
Fire: a) +0 sling
Press: ? - help, Q - select action, (/) - cycle Shift-Dir - straight line, f/p - elf zombie
Aim: an elf zombie (57% to hit)
You shoot a sling bullet.
The sling bullet closely misses the elf zombie.
The sling bullet hits the elf zombie.
The elf zombie is severely damaged.
Nefertari barely misses the elf zombie.
The orc zombie barely misses you. The elf zombie hits you.
* * * LOW HITPOINT WARNING * * *
The gnoll zombie barely misses you. The hobgoblin zombie barely misses you.
The orc zombie hits you but does no damage.
The orc zombie hits you.
* * * LOW HITPOINT WARNING * * *
Fire: a) +0 sling
Press: ? - help, Q - select action, (/) - cycle Shift-Dir - straight line, f/p - elf zombie
Aim: an elf zombie (57% to hit)
You shoot a sling bullet. The sling bullet hits the elf zombie.
The elf zombie is lightly damaged.
Nefertari hits the elf zombie.
The orc zombie misses you. The elf zombie hits you.
* * * LOW HITPOINT WARNING * * *
The gnoll zombie hits you.
* * * LOW HITPOINT WARNING * * *
The hobgoblin zombie closely misses you.
The orc zombie hits you but does no damage. x2
Nefertari hits the elf zombie.
Fire: a) +0 sling
Press: ? - help, Q - select action, (/) - cycle Shift-Dir - straight line, f/p - elf zombie
Aim: an elf zombie (lightly damaged, 57% to hit)
You shoot a sling bullet.
The sling bullet barely misses the elf zombie.
The sling bullet barely misses the elf zombie.
The elf zombie closely misses you. The orc zombie closely misses you.
The gnoll zombie hits you but does no damage.
The hobgoblin zombie hits you.
You die...

#.........#####.......
.....................
.....................
#...............#
...##...............##
......................
#..........RZZ........
##..........ZZZ.......
#.........ZZ@........
#..........ZZ........
#.....................
......................
......................
..##...............##
#...............#
................


You could see the friendly Nefertari the ancestor, a hobgoblin zombie, 2 gnoll
zombies, 3 orc zombies and 3 elf zombies.

Vanquished Creatures
  A sleepcap (D:4)
  Jessica (D:3)
  Terence (D:3)
  A mummy (Ossuary)
  An adder (D:3)
  2 worms
  A dart slug (D:3)
  2 orcs (D:3)
  8 endoplasms
  3 giant cockroaches
  6 goblins
  4 hobgoblins
  2 jackals (D:1)
  3 quokkas
  A ball python (D:1)
  6 bats
  3 frilled lizards
  A goblin zombie (Ossuary)
  A kobold (D:3)
  An orc zombie (D:4)
  6 rats
55 creatures vanquished.

Vanquished Creatures (collateral kills)
  A frilled lizard (D:3)
  A hobgoblin zombie (Ossuary)
  A kobold zombie (Ossuary)
3 creatures vanquished.

Grand Total: 58 creatures vanquished

Notes
Turn   | Place    | Note
-------+----------+-------------------------------------------
     0 | D:1      | randomguy2701 the Gnoll Wanderer began the quest for the
                  | Orb.
     0 | D:1      | randomguy2701 set off with the following items: a +0 sling,
                  | a +0 helmet, a scroll of fear, a +0 leather armour; and the
                  | following spells available to memorise: Necrotise, Summon
                  | Small Mammal, Call Imp, Ensorcelled Hibernation.
     0 | D:1      | Reached XP level 1. HP: 17/17 MP: 8/8
     2 | D:1      | Learned a level 1 spell: Necrotise
    88 | D:1      | Reached XP level 2. HP: 23/23 MP: 10/10
   101 | D:1      | Found a faded altar of an unknown god.
   439 | D:1      | Reached XP level 3. HP: 28/28 MP: 11/11
   615 | D:2      | Found a shimmering blue altar of Sif Muna.
  1344 | D:2      | Reached skill level 1 in Invocations
  1524 | D:3      | Reached skill level 1 in Short Blades
  1524 | D:3      | Reached skill level 1 in Long Blades
  1524 | D:3      | Reached skill level 1 in Axes
  1524 | D:3      | Reached skill level 1 in Maces & Flails
  1524 | D:3      | Reached skill level 1 in Polearms
  1524 | D:3      | Reached skill level 1 in Staves
  1524 | D:3      | Reached skill level 1 in Throwing
  1524 | D:3      | Reached skill level 1 in Shields
  1524 | D:3      | Reached skill level 1 in Unarmed Combat
  1524 | D:3      | Reached skill level 1 in Evocations
  1678 | D:3      | Noticed Jessica
  1679 | D:3      | Noticed Terence
  1682 | D:3      | Killed Jessica
  1683 | D:3      | Reached skill level 1 in Shapeshifting
  1683 | D:3      | Reached XP level 4. HP: 34/34 MP: 13/13
  1691 | D:3      | HP: 1/34 [Terence/+3 short sword of speed (6)]
  1692 | D:3      | Killed Terence
  1693 | D:3      | Reached skill level 1 in Conjurations
  1693 | D:3      | Reached skill level 1 in Hexes
  1693 | D:3      | Reached skill level 1 in Summonings
  1693 | D:3      | Reached skill level 1 in Necromancy
  1693 | D:3      | Reached skill level 1 in Translocations
  1693 | D:3      | Reached skill level 1 in Transmutations
  1693 | D:3      | Reached skill level 1 in Fire Magic
  1693 | D:3      | Reached skill level 1 in Ice Magic
  1693 | D:3      | Reached skill level 1 in Air Magic
  1693 | D:3      | Reached skill level 1 in Earth Magic
  1693 | D:3      | Reached skill level 1 in Poison Magic
  1932 | D:3      | Found a shimmering blue altar of Sif Muna.
  2275 | D:3      | Reached XP level 5. HP: 19/40 MP: 14/14
  2596 | D:1      | Prayed at the altar of an unknown god.
  2596 | D:1      | Became a worshipper of Hepliaklqana the Forgotten
  2596 | D:1      | Reached * piety under Hepliaklqana
  2765 | D:4      | Found a sand-covered staircase.
  2780 | Ossuary  | Entered an ossuary
  2827 | Ossuary  | HP: 1/36 [gnoll zombie (1)]
  2828 | Ossuary  | Slain by a hobgoblin zombie

Illustrated notes

Levels and vault maps discovered:
D:1:      minmay_arrival_stone_box, layout_loops_cross,
          hellmonk_ecumenical_altar_zigzags, dreamdust_princess_bridge
D:2:      layout_basic, basic_altar
D:3:      kennysheep_big_flooded_room, layout_loops_ring,
          kennysheep_orc_sif_temple, uniq_terence, uniq_jessica
D:4:      layout_gridville, nicolae_tso_swordbearing_angel, enter_ossuary_3,
          serial_shops, shop, shop
Ossuary:  ossuary_minmay_tomb_2a

Skill      XL: |  1  2  3  4  5 |
---------------+----------------+-----
Invocations    | 1 |  1.7
Short Blades   | 1 |  1.5
Long Blades    | 1 |  1.5
Axes           | 1 |  1.5
Maces & Flails | 1 |  1.5
Polearms       | 1 |  1.5
Staves         | 1 |  1.5
Throwing       | 1 |  1.5
Shields        | 1 |  1.5
Unarmed Combat | 1 |  1.5
Evocations     | 1 |  1.5
Shapeshifting  | 1 |  1.3
Conjurations   | 1 |  1.2
Hexes          | 1 |  1.2
Summonings     | 1 |  1.2
Necromancy     | 1 |  1.2
Translocations | 1 |  1.2
Transmutations | 1 |  1.2
Fire Magic     | 1 |  1.2
Ice Magic      | 1 |  1.2
Air Magic      | 1 |  1.2
Earth Magic    | 1 |  1.2
Poison Magic   | 1 |  1.2
Fighting       | 3 |  3.0
Ranged Weapons | 3 |  3.0
Armour         | 3 |  3.0
Dodging        | 3 |  3.0
Stealth        | |  4.4
Spellcasting   | |  7.3

Action                     |  1- 3 |  4- 6 || total
---------------------------+-------+-------++-------
   Fire: Sling             |   130 |    84 ||   214
   Cast: Necrotise         |     4 |    12 ||    16
 Invoke: Ancestor Identity |       |     2 ||     2
 Armour: Leather armour    |    21 |   105 ||   126
  Dodge: Dodged            |    28 |   125 ||   153

Table legend: (Time is in decaauts)
 A = Elapsed time spent in this place.
 B = Non-inter-level travel time spent in this place.
 C = Inter-level travel time spent in this place.
 D = Time resting spent in this place.
 E = Time spent auto-exploring this place.
 F = Levels seen in this place.
 G = Mean time per level.
                   A        B        C        D        E       F      G
               +--------+--------+--------+--------+--------+-----+--------+
         Total |   2901 |   2718 |    183 |      0 |   2279 |   5 |  580.2 |
       Dungeon |   2844 |   2661 |    183 |      0 |   2279 |   4 |  711.0 |
       Ossuary |     57 |     57 |      0 |      0 |      0 |   1 |   57.0 |
               +--------+--------+--------+--------+--------+-----+--------+

Top non-repeatable levels by time:
     D:3: 1206 daAuts
     D:2: 860 daAuts
     D:1: 629 daAuts
     D:4: 148 daAuts
 Ossuary: 57 daAuts
